 Dungeon Crawl Stone Soup version 0.24-a0-232-g49d9ff80d8 (webtiles) character file.

Game seed: 14459951924712742210

3192 MirrMurr the Jinx (level 9, -4/44 HPs)
             Began as a Spriggan Enchanter on Apr 4, 2019.
             Was an Initiate of Gozag.
             Slain by an orc warrior (8 damage)
             ... on level 6 of the Dungeon.
             The game lasted 00:20:19 (12132 turns).

MirrMurr the Jinx (Spriggan Enchanter)             Turns: 12132, Time: 00:20:19

Health: -4/44      AC:  3    Str:  7    XL:     9   Next: 64%
Magic:  6/16       EV: 22    Int: 21    God:    Gozag
Gold:   1366       SH:  0    Dex: 16    Spells: 7/16 levels left

rFire    . . .     SeeInvis +   a - +3 dagger
rCold    . . .     Gourm    .   (shield restricted)
rNeg     . . .     Faith    .   m - +1 robe
rPois    +         Spirit   .   (helmet restricted)
rElec    .         Reflect  .   (no cloak)
rCorr    .         Harm     .   (gloves unavailable)
MR       +....                  (boots unavailable)
Stlth    ++++......             (no amulet)
HPRegen  0.14/turn              p - ring of poison resistance
MPRegen  0.15/turn              j - +4 ring of intelligence

@: gold aura, very quick
A: very small, unfitting armour, see invisible, herbivore, speed 3, slow
metabolism 2
a: Potion Petition, Call Merchant, Bribe Branch, Renounce Religion


You were on level 6 of the Dungeon.
You worshipped Gozag.
Gozag was most pleased with you.
You were very hungry.

You visited 1 branch of the dungeon, and saw 7 of its levels.
You also visited: Sewer.

You collected 1408 gold pieces.
You paid 42 gold pieces to Gozag.

Inventory:

Hand Weapons
 a - a +3 dagger (weapon)
 b - a +0 hunting sling
 q - a +0 blowgun
Missiles
 d - 2 throwing nets {!f}
 h - 158 stones (quivered)
 u - 23 poisoned needles
 z - 71 sling bullets
Armour
 m - a +1 robe (worn)
 v - a +0 buckler
Jewellery
 j - a +4 ring of intelligence (right hand)
 p - a ring of poison resistance (left hand)
 s - an uncursed ring of magical power
Wands
 x - a wand of disintegration (27)
Scrolls
 i - a scroll of enchant armour
 r - 4 scrolls of remove curse
 t - 3 scrolls of enchant weapon
Potions
 e - a potion of brilliance {unknown}
 f - a potion of mutation
 g - 2 potions of agility
 k - 7 potions of curing
 l - 2 potions of lignification
 n - 6 potions of heal wounds
 o - a potion of flight {unknown}
 w - 6 potions of might
Comestibles
 c - 4 rations


   Skills:
 - Level 3.0 Fighting
 - Level 5.4 Short Blades
 + Level 6.5 Dodging
 - Level 8.0 Stealth
 + Level 6.1 Shields
 - Level 4.2 Spellcasting
 - Level 8.1 Hexes


You had 7 spell levels left.
You knew the following spells:

 Your Spells              Type           Power        Failure   Level  Hunger
a - Ensorcelled Hibernat  Hex/Ice        ###...       3%          2    #......
b - Confuse               Hex            #####...     1%          3    ###....
c - Tukima's Dance        Hex            #####...     1%          3    ###....
C - Corona                Hex            #####..      1%          1    None

Your spell library contained the following spells:

 Spells                   Type           Power        Failure   Level  Hunger
 Dazzling Spray           Conj/Hex       ###...       7%          3    ###....


Dungeon Overview and Level Annotations

Branches:
Dungeon (7/15)             Temple (0/1) D:7

Altars:
Gozag
Kikubaaqudgha
Makhleb
Sif Muna
The Shining One


Innate Abilities, Weirdness & Mutations

You are very small and have problems with some larger weapons.
You are too small for most types of armour.
You have supernaturally acute eyesight. (SInv)
You are a herbivore.
You cover ground extremely quickly.
You need to consume almost no food.


Message History

Aim: an orc priest, wielding a +0 whip (chance to defeat MR: 50%)
The orc priest resists with some effort.
The orc warrior hits you!
The orc priest invokes the aid of Beogh against you.
Beogh smites you!
* * * LOW HITPOINT WARNING * * *
You are too injured to fight recklessly!
Casting: Ensorcelled Hibernation (safe; 3% risk of failure)
Confirm with . or Enter, or press ? or * to list all spells.
Aiming: Ensorcelled Hibernation (safe; 3% risk of failure)
Press: ? - help, Shift-Dir - straight line, f/p - orc priest
Aim: an orc priest, wielding a +0 whip (chance to defeat MR: 50%)
The orc priest looks drowsy...
The orc warrior misses you.
You are too injured to fight recklessly!
The helpless orc priest fails to defend itself.
You stick the orc priest like a pincushion!!!
You kill the orc priest!
The orc warrior hits you!
You die...
Your body crumbles into a pile of gold.

#.#
#############.##############
#.# #.##............ #.#
#.##.########### ##.#
###.##># ...# #......# ####
#.#.#..# #.#....# #o###.##
#@$...# #######


You could see an orc warrior.

Vanquished Creatures
  A komodo dragon (D:7)
  Duvessa (D:7)
  An orc warrior (D:7)
  4 ice beasts (D:6)
  3 phantoms
  2 ogres
  3 centaurs
  A big kobold (Sewer)
  A bullfrog (D:6)
  A gnoll sergeant (D:5)
  A wyvern zombie (D:7)
  Dowan (D:7)
  A water moccasin zombie (D:4)
  A scorpion (D:5)
  5 killer bees (D:7)
  A howler monkey (D:4)
  2 crimson imps
  A centaur skeleton (D:4)
  3 orc priests
  A centaur zombie (D:5)
  6 hounds
  An orc wizard (D:7)
  A gnoll shaman (D:4)
  An iguana (D:7)
  Natasha (thrice) (D:3)
  8 worker ants
  A hound skeleton (D:6)
  6 gnolls
  9 adders
  A shadow imp (D:5)
  An adder skeleton (D:5)
  A worm (D:2)
  A dart slug (D:5)
  7 leopard geckos
  13 orcs
  7 bats
  2 giant cockroaches
  6 goblins
  5 hobgoblins
  18 jackals
  17 kobolds
  2 quokkas
  6 ball pythons
  4 frilled lizards
  2 jackal skeletons (D:4)
  12 rats
176 creatures vanquished.

Vanquished Creatures (collateral kills)
  A gnoll (D:4)
1 creature vanquished.

Vanquished Creatures (others)
  A withered plant (D:7)
1 creature vanquished.

Grand Total: 178 creatures vanquished

Notes
Turn   | Place    | Note
-------+----------+-------------------------------------------
     0 | D:1      | MirrMurr the Spriggan Enchanter began the quest for the
                  | Orb.
     0 | D:1      | Reached XP level 1. HP: 9/9 MP: 5/5
   343 | D:1      | Reached XP level 2. HP: 13/13 MP: 6/6
   347 | D:1      | Learned a level 2 spell: Ensorcelled Hibernation
   407 | D:1      | Reached skill level 5 in Stealth
  1490 | D:1      | Reached XP level 3. HP: 16/16 MP: 8/8
  1495 | D:1      | Learned a level 3 spell: Confuse
  1715 | D:2      | Found a glowing golden altar of the Shining One.
  1716 | D:2      | Found an opulent altar of Gozag.
  1732 | D:2      | Became a worshipper of Gozag Ym Sagoz the Greedy
  2378 | D:1      | Reached XP level 4. HP: 7/21 MP: 9/9
  3223 | D:3      | Found a burning altar of Makhleb.
  3660 | D:3      | Noticed Natasha
  3780 | D:3      | Killed Natasha
  3817 | D:3      | Found a glowing drain.
  3822 | Sewer    | Entered a sewer
  4239 | Sewer    | Reached XP level 5. HP: 24/24 MP: 10/10
  4911 | D:3      | Noticed Natasha
  4921 | D:3      | Killed Natasha
  5671 | D:3      | Found a burning altar of Makhleb.
  5679 | D:3      | Noticed Natasha
  5697 | D:3      | Killed Natasha
  5697 | D:3      | Reached XP level 6. HP: 17/28 MP: 3/11
  5961 | D:3      | Learned a level 3 spell: Tukima's Dance
  6028 | D:4      | Reached skill level 5 in Short Blades
  6597 | D:4      | Reached XP level 7. HP: 32/32 MP: 9/12
  6636 | D:4      | Reached skill level 1 in Shields
  7062 | D:4      | Reached skill level 5 in Hexes
  7569 | D:5      | Entered Level 5 of the Dungeon
  8283 | D:5      | Found a deep blue altar of Sif Muna.
  8455 | D:5      | Reached XP level 8. HP: 32/36 MP: 13/15
 10542 | D:6      | Reached skill level 5 in Shields
 10646 | D:6      | Reached XP level 9. HP: 40/40 MP: 16/16
 10817 | D:7      | Reached skill level 1 in Fighting
 11275 | D:7      | Found a staircase to the Ecumenical Temple.
 11284 | D:7      | Noticed Duvessa
 11286 | D:7      | Noticed a komodo dragon
 11289 | D:7      | Noticed Dowan
 11359 | D:7      | Reached skill level 5 in Dodging
 11540 | D:7      | Killed a komodo dragon
 11698 | D:7      | Killed Duvessa
 11724 | D:7      | Killed Dowan
 11981 | D:7      | Found an ancient bone altar of Kikubaaqudgha.
 12132 | D:6      | Slain by an orc warrior

Levels and vault maps discovered:
D:1:      dpeg_arrival_boxes_within_box, layout_basic
D:2:      layout_loops_corners, grunt_temple_overflow_open, first_ration
D:3:      layout_basic, bloody_makhleb, portal_sewer_entry_e, chequers_avenue,
          uniq_natasha
D:4:      layout_basic, serial_rivers, chequers_serial_rivers_micro_c,
          chequers_serial_rivers_micro_d, chequers_serial_rivers_micro_c,
          chequers_serial_rivers_micro_a, chequers_serial_rivers_room_a,
          glass_columns_a, kennysheep_generic_room_9
D:5:      layout_loops_cross, led_sif_pool
D:6:      minmay_chambers_of_threes, layout_loops_ring
D:7:      layout_loops_corners, kiku_gazebo_garden_becter,
          minmay_temple_entry_slanted, uniq_duvessa
Sewer:    kennysheep_pipe_town

Skill      XL: |  1  2  3  4  5  6  7  8  9 |
---------------+----------------------------+-----
Stealth        | 5 6 7 8 |  8.0
Short Blades   | 2 3 4 5 |  5.4
Spellcasting   | 3 4 |  4.2
Hexes          | 4 7 8 |  8.1
Shields        | 2 5 6 |  6.1
Fighting       | 3 |  3.0
Dodging        | 6 |  6.5

Action                   |  1- 3 |  4- 6 |  7- 9 || total
-------------------------+-------+-------+-------++-------
Melee: Dagger            |   138 |   158 |   293 ||   589
 Cast: Ensorcelled Hiber |     4 |    24 |    85 ||   113
       Confuse           |       |     3 |    18 ||    21
       Tukima's Dance    |       |       |     2 ||     2
  Use: Scroll            |     5 |     9 |     5 ||    19
       Potion            |       |     1 |       ||     1
 Stab: Sleeping          |    19 |    16 |    59 ||    94
       Distracted        |       |     1 |     2 ||     3
       Confused          |       |     3 |    13 ||    16
  Eat: Ration            |       |     2 |     4 ||     6
Armor: Robe              |    29 |     7 |    10 ||    46
       Skin              |       |     9 |       ||     9
Dodge: Dodged            |   128 |   138 |   204 ||   470

Table legend:
 A = Non-vault XP
 B = Vault XP
 C = Vault XP percentage of total XP
 D = Non-vault monster count
 E = Vault monster count
 F = Vault count percentage of total count
                 A         B        C        D         E       F
            +---------+---------+-------+---------+---------+-------
      Total |    3763 |     797 |  17.5 |     141 |      36 |  20.3
            +---------+---------+-------+---------+---------+-------
        D:1 |      44 |       0 |   0.0 |      25 |       0 |   0.0
        D:2 |      77 |       0 |   0.0 |      17 |       0 |   0.0
        D:3 |      94 |      36 |  27.7 |      10 |       1 |   9.1
        D:4 |     660 |       3 |   0.5 |      23 |       1 |   4.2
        D:5 |     742 |       0 |   0.0 |      31 |       0 |   0.0
        D:6 |     870 |     403 |  31.7 |      12 |       8 |  40.0
        D:7 |    1276 |     223 |  14.9 |      23 |       2 |   8.0
      Sewer |       0 |     132 | 100.0 |       0 |      24 | 100.0
            +---------+---------+-------+---------+---------+-------
